AoeStats
← yquerd

Black Forest

507775018Analyzed
3v3 RM · 11d ago on Sep 19, 2026· 91m 25s· 6 players
Game mode
Random Map
Map size
Normal (6 player)
Population
200
Speed
Normal
Resources
Standard
Victory
Conquest
Starting age
Dark Age
Ending age
Imperial Age
RankedLock teamsTeams togetherTeam positionsShared explorationLock speedFull tech treeHidden civsTurbo modeCheats
Victory
Defeat
🇸🇪 Sicilians · Sweden
613
+14
🇳🇱 Mongols · Netherlands
586
+15
🇨🇱 Khmer · Chile
576
+16
🇹🇼 Chinese · Taiwan
591
-16
🇧🇷 Portuguese · Brazil
569
-15
🇧🇷 Khmer · Brazil
554
-14
Bryaanrr
0:33 Loom
10:51 Feudal Age
12:49 Double-Bit Axe
15:26 Arson
15:46 Scale Mail Armor
17:07 Town Watch
18:56 Wheelbarrow
18:42 Horse Collar
21:24 Forging
21:20 Scale Barding Armor
22:26 Gold Mining
22:27 Stone Mining
23:44 Man-at-Arms
30:37 Castle Age
30:05 Fletching
30:16 Padded Archer Armor
34:00 Imperial Age
31:46 Hand Cart
33:07 Iron Casting
32:47 Chain Mail Armor
32:42 Heavy Plow
33:23 Bow Saw
33:53 Gold Shaft Mining
33:53 Stone Shaft Mining
35:36 Long Swordsman
37:21 Ballistics
36:58 Murder Holes
38:06 Chain Mail Armor
38:51 Blast Furnace
37:22 Pikeman
38:30 Cavalier
39:11 Husbandry
40:01 Conscription
40:46 Bloodlines
41:02 Halberdier
46:48 Blast Furnace
46:21 Chain Barding Armor
46:08 Bodkin Arrow
46:29 Leather Archer Armor
48:57 Crop Rotation
49:48 Fortified Wall
50:40 Chemistry
50:43 Town Patrol
52:43 Hoardings
55:03 Masonry
55:28 Ring Archer Armor
55:40 Heavy Scorpion
56:26 Double Crossbow
58:39 Plate Barding Armor
58:06 Bracer
62:09 Capped Ram
63:30 Caravan
63:36 Siege Ram
69:25 Elite Ballista Elephant
85:25 Sappers
87:28 Architecture
87:04 Siege Engineers
KATTLA
0:58 Loom
20:10 Feudal Age
20:49 Town Watch
21:44 Double-Bit Axe
21:42 Horse Collar
21:43 Man-at-Arms
28:05 Castle Age
27:11 Scale Mail Armor
28:41 Forging
28:23 Fletching
29:29 Bloodlines
29:44 Squires
31:02 Husbandry
31:36 Scale Barding Armor
32:25 Heavy Plow
33:47 Chain Barding Armor
35:54 Wheelbarrow
36:34 Bow Saw
37:53 Iron Casting
37:32 Pikeman
38:48 Bodkin Arrow
42:29 Chain Mail Armor
42:31 Gold Mining
49:16 Imperial Age
48:31 Murder Holes
48:57 Ballistics
49:13 Hand Cart
48:59 Town Patrol
53:04 Blast Furnace
52:35 Plate Mail Armor
52:40 Plate Barding Armor
52:06 Padded Archer Armor
52:06 Bracer
51:44 Cavalier
55:42 Hauberk
58:11 Halberdier
58:29 Elite Serjeant
70:06 Crop Rotation
72:48 Caravan
73:09 Arson
92:07 Siege Engineers
felix
9:21 Feudal Age
9:51 Double-Bit Axe
18:17 Castle Age
16:12 Horse Collar
21:45 Bow Saw
21:24 Loom
27:50 Wheelbarrow
31:18 Imperial Age
29:30 Husbandry
31:07 Hand Cart
31:23 Bloodlines
31:20 Scale Barding Armor
31:15 Scale Mail Armor
34:59 Forging
36:30 Cavalier
36:36 Elite Mangudai
40:24 Chain Barding Armor
40:19 Chain Mail Armor
40:04 Pikeman
40:44 Squires
40:06 Elite Skirmisher
44:51 Padded Archer Armor
44:41 Fletching
45:26 Iron Casting
45:22 Plate Mail Armor
51:05 Chemistry
50:25 Ballistics
56:32 Thumb Ring
57:01 Parthian Tactics
60:31 Leather Archer Armor
60:11 Bodkin Arrow
61:17 Blast Furnace
65:33 Fortified Wall
65:16 Guard Tower
65:24 Murder Holes
65:41 Masonry
65:47 Bracer
74:37 Capped Ram
yquerd
10:31 Feudal Age
11:05 Double-Bit Axe
11:15 Gold Mining
11:15 Loom
16:34 Horse Collar
20:57 Castle Age
23:05 Bloodlines
23:12 Bow Saw
23:07 Heavy Plow
23:00 Stone Mining
26:40 Wheelbarrow
28:38 Hand Cart
28:12 Town Watch
31:55 Imperial Age
33:06 Man-at-Arms
38:35 Husbandry
37:56 Cavalier
40:39 Scale Barding Armor
40:46 Forging
40:35 Fletching
40:55 Padded Archer Armor
42:03 Town Patrol
41:58 Elite Organ Gun
42:39 Circumnavigation
42:44 Arquebus
42:09 Light Cavalry
43:17 Chain Barding Armor
43:32 Iron Casting
46:48 Plate Barding Armor
47:14 Blast Furnace
46:14 Bodkin Arrow
68:52 Capped Ram
70:37 Bracer
72:34 Coinage
80:58 Conscription
c00jsw00
0:32 Loom
16:07 Feudal Age
17:20 Double-Bit Axe
21:48 Castle Age
19:31 Horse Collar
19:46 Gold Mining
19:50 Stone Mining
21:38 Fletching
22:50 Bow Saw
22:42 Heavy Plow
23:21 Wheelbarrow
26:34 Bodkin Arrow
27:14 Ballistics
33:38 Imperial Age
35:32 Gold Shaft Mining
35:24 Heavy Scorpion
41:00 Chemistry
marcoo_chiosi
15:47 Feudal Age
14:03 Loom
18:17 Horse Collar
19:19 Wheelbarrow
18:29 Town Watch
18:34 Double-Bit Axe
25:22 Castle Age
25:02 Stone Mining
25:03 Gold Mining
26:19 Hand Cart
26:04 Town Patrol
26:18 Bow Saw
26:13 Heavy Plow
26:55 Stone Shaft Mining
26:55 Gold Shaft Mining
33:36 Arson
34:39 Light Cavalry
35:30 Bloodlines
35:20 Husbandry
35:01 Man-at-Arms
35:01 Pikeman
36:04 Long Swordsman
36:05 Pikeman
36:53 Scale Barding Armor
37:45 Padded Archer Armor
37:36 Fletching
37:56 Forging
41:32 Leather Archer Armor
41:12 Bodkin Arrow
41:19 Scale Mail Armor
41:53 Bodkin Arrow
42:33 Iron Casting
46:28 Imperial Age
44:27 Chain Barding Armor
44:22 Chain Mail Armor
47:47 Crop Rotation
47:11 Two-Handed Swordsman
47:11 Halberdier
48:31 Plate Barding Armor
48:27 Ring Archer Armor
47:57 Bracer
48:58 Blast Furnace
50:28 Blast Furnace
50:31 Sappers
51:01 Tusk Swords
51:37 Hoardings
50:23 Elite Ballista Elephant
53:25 Hussar
53:26 Cavalier
53:29 Elite Battle Elephant
60:22 Elite Ballista Elephant
71:31 Masonry
71:17 Murder Holes
71:32 Fortified Wall
71:45 Ballistics
72:32 Chemistry
74:41 Architecture
74:02 Heated Shot
Connection lost

Rejoining the realm…

Still unreachable

The connection could not be restored.

Session expired

The server has moved on; the page needs a fresh start.